 Dungeon Crawl Stone Soup version 0.20.1-1-g8b1a95d (webtiles) character file.

708491 equalderp2856 the Minotaur Barricade (level 27, -17/273 HPs)
             Began as a Minotaur Fighter on Sept 17, 2017.
             Killed from afar by an orb of fire (24 damage)
             ... with a bolt of fire
             ... on level 4 of the Realm of Zot.
             The game lasted 06:03:20 (116105 turns).

equalderp2856 the Minotaur Barricade (MiFi)       Turns: 116105, Time: 06:03:21

Health: -17/273    AC: 31    Str: 20    XL:     27
Magic:  0/35       EV: 16    Int: 11    God:
Gold:   6849       SH: 26    Dex: 12    Spells: 49/53 levels left

rFire    + . .     SeeInvis .   I - +12 war axe "Killer Klown's Regret" {chop, rF+ rC+}
rCold    + . .     Gourm    .   u - +0 large shield
rNeg     . . .     Faith    .   z - +4 storm dragon scales {Bai Suzhen}
rPois    .         Spirit   +   (helmet restricted)
rElec    +         Reflect  .   t - +2 cloak
rCorr    .         Harm     .   K - +2 pair of gloves
MR       +++..     Rnd*Rage +   X - +2 pair of boots {run} Stlth +.........Rnd*Tele +
                                T - amulet of guardian spirit
Regen    0.6/turn               x - ring of protection from magic
MPRegen  0.3/turn               D - ring of flight

@: very slightly contaminated, quick
A: retaliatory headbutt, horns 2, talons 1, thin skeletal structure 1,
camouflage 1, berserk 1, blurry vision 2, clumsy 2, deformed body, low mp 1,
screaming 1, teleportitis 1, weak 2, MP-powered wands
}: 3/15 runes: barnacled, silver, gossamer
a: Evoke Flight


You were on level 4 of the Realm of Zot.
You were not hungry.

You visited 11 branches of the dungeon, and saw 53 of its levels.
You also visited: Labyrinth, Sewer, Ossuary, Bailey and Ice Cave.

You collected 7074 gold pieces.
You spent 225 gold pieces at shops.

Inventory:

Hand Weapons
 a - a +3 vampiric broad axe
 k - a +7 trident of protection
 l - a +3 broad axe of distortion
 n - a +4 antimagic war axe
 G - a +4 hand axe of pain
 I - the +12 war axe "Killer Klown's Regret" (weapon) {chop, rF+ rC+}
   (You found it on level 1 of the Vaults)

   It inflicts extra damage upon your enemies.
   It protects you from fire.
   It protects you from cold.
 P - the +1 trident of the Goat {pierce, rElec MR+ MP+9}
   (You found it on level 8 of the Dungeon)

   It inflicts extra damage upon your enemies.
   It insulates you from electricity.
   It affects your resistance to hostile enchantments.
   It affects your magic capacity (+9).
Armour
 o - a +3 plate armour of fire resistance
 t - a +2 cloak (worn)
 u - a +0 large shield (worn)
 z - +4 storm dragon scales (worn) {Bai Suzhen}
 J - a +4 plate armour of magic resistance
 K - a +2 pair of gloves (worn)
 O - a +2 hat of magic resistance
 Q - a +0 cloak of invisibility
 W - a scarf of cloud immunity
 X - a +2 pair of boots of running (worn)
Magical Staves
 y - an uncursed staff of wizardry
Jewellery
 p - an uncursed amulet of rage
 r - a +2 ring of protection
 x - a ring of protection from magic (left hand)
 D - a ring of flight (right hand)
 R - an uncursed ring of resist corrosion
 T - an amulet of guardian spirit (around neck)
 Z - an uncursed ring of see invisible
Wands
 A - a wand of polymorph (15/24)
 H - a wand of lightning (8/15)
Scrolls
 b - a scroll of summoning
 c - 2 scrolls of fog
 j - a scroll of immolation
 q - 26 scrolls of identify
 s - 5 scrolls of teleportation
 v - 7 scrolls of remove curse
 E - 5 scrolls of fear
 F - 2 scrolls of recharging
 U - a scroll of blinking
Potions
 d - 8 potions of might
 e - a potion of mutation
 g - 4 potions of ambrosia
 w - 8 potions of agility
 B - 5 potions of berserk rage
 C - 7 potions of haste
 L - 4 potions of invisibility
 S - 4 potions of resistance
 Y - a potion of flight
Books
 N - a book of Power

   Spells                             Type                      Level
   a - Iskenderun's Battlesphere      Conjuration/Charms           5
   b - Venom Bolt                     Conjuration/Poison           5
   c - Bolt of Magma                  Conjuration/Fire/Earth       5
   d - Iron Shot                      Conjuration/Earth            6
   e - Orb of Destruction             Conjuration                  7
   f - Spellforged Servitor           Conjuration/Summoning        7
Miscellaneous
 h - a lamp of fire
 M - a fan of gales
 V - a phial of floods
Comestibles
 f - 21 bread rations
 i - 8 meat rations


   Skills:
 O Level 27 Fighting
 O Level 27 Axes
 + Level 7.2(19.6) Polearms
 + Level 23.6 Armour
 + Level 15.4 Dodging
 + Level 4.7 Stealth
 O Level 27 Shields
 + Level 13.7 Spellcasting
 + Level 3.9 Translocations
 + Level 1.5 Transmutations
 + Level 4.5 Earth Magic
 + Level 2.6 Evocations


You had 49 spell levels left.
You knew the following spells:

 Your Spells              Type           Power        Failure   Level  Hunger
a - Passwall              Tmut/Erth      ##........   12%         2    None
b - Blink                 Tloc           N/A          9%          2    None


Dungeon Overview and Level Annotations

Branches:
Dungeon (15/15)            Temple (0/1) D:7            Lair (6/6) D:10
 Shoals (4/4) Lair:2       Spider (4/4) Lair:4        Slime (0/5) Lair:6
    Orc (2/2) D:11            Elf (3/3) Orc:2        Vaults (5/5) D:14
  Crypt (3/3) Vaults:2       Tomb (0/3) Crypt:3      Depths (5/5) D:15
   Hell (1/1)                 Dis (0/7) Hell            Geh (0/7) Hell
    Coc (0/7) Hell            Tar (0/7) Hell            Zot (5/5) Depths:5

Altars:
Ashenzari
Dithmenos
Fedhas
Hepliaklqana
Okawaru
Qazlal
Ru
Yredelemnul
Beogh
Lugonu

Shops:
D:7 (   Orc:2 ([!!   Elf:1 [   Elf:3 (   Shoals:4 [   Vaults:5 %

Portals:
Hell: Depths:1 Depths:2 Depths:3 Depths:4 Depths:5
Abyss: Depths:1 Depths:2 Depths:3 Depths:4
Pandemonium: Depths:3 Depths:5
Ziggurat: Depths:2


Innate Abilities, Weirdness & Mutations

You reflexively headbutt those who attack you in melee.
You have a pair of horns on your head.
You have sharp toenails.
You have a somewhat thin skeletal structure. (Dex +2, Stealth)
Your skin changes colour to match your surroundings (Stealth+).
You tend to lose your temper in combat.
Scrolls take you longer to read.
You are very clumsy. (Dex -4)
Armour fits poorly on your strangely shaped body.
Your magical capacity is low. (-10% MP)
You occasionally shout uncontrollably at your foes.
You are occasionally teleported next to monsters.
You are very weak. (Str -4)
You expend magic power (3 MP) to strengthen your wands.


Message History

You blink.
Casting: Blink
Confirm with . or Enter, or press ? or * to list all spells.
Which direction?
You miscast Passwall.
You are very lightly contaminated with residual magic.
You hear a distant rumble.
Casting: Passwall
Confirm with . or Enter, or press ? or * to list all spells.
You don't know that spell.
Casting: Passwall
Confirm with . or Enter, or press ? or * to list all spells.
Which direction?
The orb of fire glows yellow.
The bolt of fire hits you! You resist.
* * * LOW HITPOINT WARNING * * *
You begin to meditate on the wall.
You continue meditating on the rock. x2
The orb of fire glows red.
The bolt of fire hits you! You resist.
You die...

##........#####......##
##.........### #######.##
##............# ##.#
##........>....###########.
##.....#.................###
##.#####...##############..##
#.## ##....# ####..##..#
########.....########.#..####..
##.###......###@*.........## ##.
##.#.#....#### ########..ยง..##
## #.###...###
#######..######..####
.###....#####........######....#.
###.......##....................#
##...........#####.............##
.............######...###......##
....[........#.##.....####....#.#
......##.##.....###...#.###..###.


You could see an orb of fire.

Vanquished Creatures
  4 orbs of fire
  4 ancient liches
  Mara (Depths:2)
  4 juggernauts
  The ghost of Agrougrou the Executioner, a legendary FoFi of Okawaru (Vaults:5)
  Boris (twice) (Depths:3 Crypt:1)
  Bai Suzhen (Spider:3)
  A Killer Klown (Zot:5)
  Saint Roka (Depths:2)
  Geryon (Hell)
  A curse toe (Zot:4)
  11 golden dragons
  2 bone dragons
  2 electric golems (Zot:5)
  11 liches
  16 tentacled monstrosities
  4 Orb Guardians (Zot:5)
  6 titans
  4 deep elf blademasters
  3 quicksilver dragons
  A deep elf master archer (Elf:3)
  4 ancient champions
  10 death cobs
  3 sphinxes
  Roxanne (D:14)
  5 tengu reavers
  16 storm dragons
  7 draconian monks
  12 shadow dragons
  4 draconian knights
  Ilsuiw (Shoals:3)
  12 deep elf sorcerers
  13 frost giants
  An orc warlord (Orc:1)
  12 fire giants
  7 ghost moths
  5 draconian scorchers
  8 emperor scorpions
  4 iron dragons
  2 curse skulls
  7 deep elf elementalists
  19 vault wardens
  A balrug (Hell)
  3 draconian shifters
  3 spriggan defenders
  2 ghouls
  Louise (Elf:3)
  3 draconian stormcallers
  7 war gargoyles
  7 reapers
  A juggernaut skeleton (Depths:3)
  37 very ugly things
  A juggernaut zombie (Depths:2)
  21 ironheart preservers
  An entropy weaver (shapeshifter) (Vaults:2)
  21 stone giants
  7 draconian annihilators
  The ghost of LadyPew the Fighter, a journeyman GrFi of Okawaru (Lair:5)
  8 deep elf demonologists
  12 green draconians
  6 entropy weavers
  10 vampire knights
  9 black draconians
  A dire elephant (Lair:6)
  12 purple draconians
  6 deep elf annihilators
  9 red draconians
  8 yellow draconians
  5 white draconians
  15 spark wasps
  4 blizzard demons (Hell)
  4 eidola
  Snorg (D:9)
  22 ettins
  10 deep elf death magi
  A quicksilver dragon zombie (Depths:2)
  5 merfolk javelineers
  Josephine (D:10)
  A minotaur (Lab)
  10 jiangshi
  14 fire dragons
  3 crystal guardians (Crypt:3)
  8 merfolk impalers
  A great orb of eyes (shapeshifter) (Depths:4)
  4 hydras
  A hell beast (Depths:4)
  14 ice dragons
  11 deep elf high priests
  2 quicksilver dragon skeletons
  8 rakshasas
  34 vault guards
  7 great orbs of eyes
  26 yaktaur captains
  5 spriggan air magi
  4 merfolk avatars
  2 catoblepae
  6 merfolk aquamancers
  A juggernaut simulacrum (Depths:1)
  16 ogre magi
  8 centaur warriors
  36 dancing weapons
  An alligator snapping turtle (Shoals:4)
  41 two-headed ogres
  A catoblepas (shapeshifter) (Vaults:5)
  4 death knights
  A satyr (Shoals:4)
  An alligator (shapeshifter) (Vaults:5)
  15 death yaks
  3 hell hogs (Hell)
  15 deep troll shamans
  12 tengu warriors
  12 deep troll earth magi
  3 orc high priests
  5 vampire magi
  2 storm dragon zombies
  9 spriggan berserkers
  10 soul eaters
  8 iron trolls
  14 deep elf knights
  A titan skeleton (Crypt:3)
  The ghost of Ymberti the Thaumaturge, a novice DEFE of Sif Muna (D:8)
  22 sea snakes
  6 sun demons
  3 iron golems
  Sonja (D:13)
  5 shadow wraiths
  2 death drakes (shapeshifter)
  43 skeletal warriors
  19 hell knights
  2 sea snakes (shapeshifter) (Vaults:5)
  An unseen horror (shapeshifter) (Depths:4)
  6 flayed ghosts
  2 fire crabs (shapeshifter)
  8 wizards
  A spark wasp zombie (Depths:3)
  43 deep trolls
  2 golden dragon zombies
  3 glowing orange brains
  19 deep elf archers
  4 unseen horrors
  An obsidian statue (Depths:4)
  2 lindwurms
  9 orc knights
  4 phantasmal warriors
  4 large abominations (Depths:2)
  A golden dragon skeleton (Depths:3)
  18 harpies
  A harpy (shapeshifter) (Depths:5)
  15 necromancers
  19 ironbrand convokers
  38 wolf spiders
  77 deep elf magi
  8 cyclopes
  3 anaconda skeletons
  19 fauns
  2 iron dragon zombies
  13 orb spiders
  7 orc sorcerers
  A sphinx skeleton (Depths:3)
  A fire giant zombie (Depths:2)
  42 ugly things
  A moth of wrath (shapeshifter) (Depths:4)
  2 frost giant zombies (Crypt:3)
  3 salamanders (Depths:5)
  2 iron dragon skeletons
  30 moths of wrath
  A faun (shapeshifter) (Vaults:5)
  An elephant (Lair:6)
  A fire giant skeleton (Depths:1)
  6 rust devils
  2 stone giant skeletons
  15 merfolk sirens
  17 manticores
  2 torpor snails (Spider:2)
  A black mamba (shapeshifter) (Depths:2)
  3 black mambas
  A dire elephant zombie (Crypt:2)
  11 water nymphs
  19 vault sentinels
  2 ice statues
  19 spiny frogs
  3 orange demons (Depths:4)
  A gargoyle (D:14)
  A hellion (Depths:5)
  A pale draconian zombie (Crypt:1)
  2 komodo dragons (shapeshifter)
  6 demonic crawlers
  5 rime drakes
  A hellwing (Depths:5)
  2 anaconda simulacra (Hell)
  12 komodo dragons
  11 freezing wraiths
  95 yaktaurs
  An iron troll zombie (Crypt:2)
  A death drake zombie (Crypt:2)
  3 tengu conjurers
  2 ice devils
  7 trolls
  38 jumping spiders
  21 polar bears
  30 merfolk
  3 red devils (Depths:4)
  4 hydra zombies
  2 polar bears (shapeshifter)
  A harpy skeleton (Crypt:3)
  14 hornets
  A deep troll zombie (Depths:1)
  11 wind drakes
  26 blink frogs
  A tarantella zombie (Crypt:1)
  A raiju (shapeshifter) (Vaults:4)
  37 slime creatures
  3 hydra skeletons
  4 fire dragon zombies
  A moth of wrath zombie (Crypt:2)
  25 hippogriffs
  2 hippogriffs (shapeshifter)
  2 minotaur skeletons
  A bog body (Crypt:2)
  An alligator zombie (Hell)
  14 snapping turtles
  2 stone giant simulacra
  Grinder (D:5)
  5 dream sheep
  A spriggan (shapeshifter) (Vaults:5)
  42 tarantellas
  33 flying skulls
  A wyvern (Lair:5)
  101 redbacks
  5 shadows
  An ettin skeleton (Crypt:3)
  A spriggan skeleton (Depths:2)
  10 air elementals
  20 water elementals
  14 wraiths
  A yak (shapeshifter) (Depths:1)
  4 spriggans
  2 humans (D:8)
  A golden eye (shapeshifter) (Depths:4)
  11 fire elementals
  48 yaks
  5 hungry ghosts
  A spriggan simulacrum (Depths:2)
  2 chaos spawn (Depths:2)
  5 basilisks
  8 vampire mosquitoes (D:14)
  4 wargs
  2 acid dragons
  3 spiny frog zombies
  A naga (shapeshifter) (Elf:1)
  Duvessa (D:7)
  A soldier ant (shapeshifter) (Vaults:3)
  23 water moccasins
  A soldier ant (D:10)
  A porcupine (shapeshifter) (Depths:1)
  9 porcupines
  A black bear (shapeshifter) (Elf:2)
  6 phantoms
  7 ice beasts
  5 black bears
  50 orc warriors
  Purgy (Sewer)
  3 snapping turtle zombies
  44 ogres
  An eye of draining (Lair:6)
  3 necrophages
  2 sky beasts
  A torpor snail zombie (Crypt:1)
  48 wolves
  A tengu (shapeshifter) (Vaults:3)
  35 centaurs
  10 boggarts
  3 elf zombies
  A yaktaur zombie (Crypt:1)
  21 crocodiles
  A hippogriff zombie (Crypt:1)
  8 small abominations (Depths:2)
  2 big kobolds
  2 earth elementals
  20 bullfrogs
  Dowan (D:7)
  A glowing shapeshifter simulacrum (Vaults:3)
  A water moccasin zombie (D:4)
  3 scorpions
  A water moccasin skeleton (D:11)
  4 killer bees (D:10)
  A human simulacrum (Vaults:1)
  A polar bear zombie (Crypt:1)
  12 wights
  10 howler monkeys
  A howler monkey (shapeshifter) (Vaults:5)
  A tengu skeleton (Depths:1)
  10 electric eels
  6 crimson imps
  4 bullfrog zombies
  2 quasits
  3 centaur zombies
  5 hounds
  9 jellies
  32 orc wizards
  3 centaur skeletons
  18 orc priests
  3 iguanas
  6 iron imps
  Jessica (D:2)
  7 worker ants
  A killer bee zombie (D:10)
  A big kobold zombie (Ossuary)
  An ogre zombie (Crypt:1)
  A deep dwarf skeleton (Crypt:2)
  An ogre skeleton (Crypt:2)
  2 hound zombies (Ossuary)
  3 mummies (Ossuary)
  14 gnolls
  17 adders
  5 shadow imps
  A steam dragon skeleton (Crypt:2)
  3 white imps (Depths:4)
  An ufetubus (Depths:3)
  2 oozes
  3 adder zombies
  2 adder skeletons
  5 worms
  3 dart slugs
  2 leopard geckos
  117 orcs
  A ball python (D:5)
  10 bats
  5 giant cockroaches
  11 goblins
  9 hobgoblins
  10 jackals
  7 quokkas
  3 frilled lizards
  A gnoll zombie (Ossuary)
  6 goblin zombies (Ossuary)
  2 hobgoblin zombies (Ossuary)
  8 jackal zombies (Ossuary)
  22 kobolds
  6 kobold zombies (Ossuary)
  A leopard gecko skeleton (D:4)
  3 orc zombies
  6 rats
  2 rat zombies (Ossuary)
  A spectral orc (D:5)
  3 crawling corpses
  7 fungi
  21 plants
3017 creatures vanquished.

Vanquished Creatures (collateral kills)
  Margery (Vaults:3)
  3 ugly things (Vaults:3)
4 creatures vanquished.

Vanquished Creatures (others)
  Nikola (Shoals:3)
  2 draconian knights
  A vampire knight (Depths:4)
  A white draconian (Zot:4)
  2 deep elf magi
  A moth of wrath (Zot:5)
  A merfolk siren (Shoals:3)
  A komodo dragon (Lair:6)
  A demonic crawler (Spider:3)
  A rime drake (Zot:3)
  A jumping spider (Spider:3)
  An air elemental (Depths:5)
  A water moccasin (Lair:6)
  A hell hound (Depths:5)
  A boggart (Depths:3)
  A centaur (Depths:1)
  An adder (D:12)
  A crawling corpse (Vaults:5)
  15 fungi
  21 plants
  12 tentacles
68 creatures vanquished.

Grand Total: 3089 creatures vanquished

Notes
Turn   | Place    | Note
-------+----------+-------------------------------------------
     0 | D:1      | equalderp2856 the Minotaur Fighter began the quest for the Orb.
     0 | D:1      | Reached XP level 1. HP: 19/19 MP: 0/0
   295 | D:1      | Reached XP level 2. HP: 19/27 MP: 1/1
   671 | D:2      | Noticed Jessica
   704 | D:2      | Killed Jessica
   704 | D:2      | Reached XP level 3. HP: 24/33 MP: 2/2
  1048 | D:2      | Reached XP level 4. HP: 40/40 MP: 3/3
  1110 | D:2      | Reached skill level 1 in Dodging
  1915 | D:3      | Reached XP level 5. HP: 36/46 MP: 4/4
  2111 | D:3      | Found a shadowy altar of Dithmenos.
  2303 | D:4      | Found a stormy altar of Qazlal.
  2530 | D:4      | Found a stormy altar of Qazlal.
  2549 | D:4      | Found a glowing drain.
  2566 | Sewer    | Entered a sewer
  2693 | Sewer    | Noticed Purgy
  2696 | Sewer    | Killed Purgy
  2696 | Sewer    | Reached skill level 5 in Axes
  2696 | Sewer    | Reached skill level 5 in Armour
  2696 | Sewer    | Reached skill level 5 in Shields
  2696 | Sewer    | Reached XP level 6. HP: 43/52 MP: 5/5
  3267 | D:4      | Reached XP level 7. HP: 58/60 MP: 6/6
  3797 | D:5      | Entered Level 5 of the Dungeon
  3823 | D:5      | Reached skill level 5 in Fighting
  4185 | D:5      | Found a shattered altar of Ashenzari.
  4224 | D:5      | Found a blossoming altar of Fedhas.
  4231 | D:5      | Found a hazy altar of Hepliaklqana.
  4362 | D:5      | Found a basalt altar of Yredelemnul.
  4512 | D:6      | Noticed Grinder
  4526 | D:5      | Reached XP level 8. HP: 66/69 MP: 7/7
  4565 | D:5      | Killed Grinder
  5049 | D:6      | Found a basalt altar of Yredelemnul.
  5807 | D:7      | Noticed Duvessa
  5807 | D:7      | Noticed Dowan
  5816 | D:7      | Killed Duvessa
  5816 | D:7      | Reached XP level 9. HP: 78/78 MP: 8/8
  5863 | D:7      | Killed Dowan
  5902 | D:7      | Found Huxofuo's Weapon Boutique.
  5997 | D:7      | Found a flagged portal.
  6018 | Bailey   | Entered a bailey
  6018 | Bailey   | Noticed ThereIsNoGod's ghost (novice TrFi)
  6397 | D:7      | Reached skill level 1 in Evocations
  6426 | D:7      | Paralysed by fainting for 5 turns
  6435 | D:7      | Paralysed by fainting for 5 turns
  6474 | D:7      | Got a heavily runed ring mail
  6607 | D:7      | Reached skill level 10 in Axes
  6675 | D:7      | Found a staircase to the Ecumenical Temple.
  6950 | D:8      | Found a sand-covered staircase.
  6959 | Ossuary  | Entered an ossuary
  7273 | Ossuary  | Identified a scroll of acquirement
  7353 | D:8      | Noticed Ymberti's ghost (novice DEFE)
  7371 | D:8      | Killed Ymberti's ghost
  7373 | D:8      | Reached XP level 10. HP: 52/86 MP: 9/9
  7520 | D:8      | Found an iron altar of Okawaru.
  7645 | D:8      | Found a shattered altar of Ashenzari.
  7770 | D:8      | Noticed a two-headed ogre
  8331 | D:8      | Killed a two-headed ogre
  8664 | D:8      | Reached skill level 10 in Shields
  8724 | D:8      | Learned a level 2 spell: Passwall
  8730 | D:8      | Got an ichor-stained trident
  8742 | D:8      | Identified the +3 ring mail of the Curious Runes {rPois} (You found it on level 7 of the Dungeon)
  8744 | D:8      | Identified the cursed +1 trident of the Goat {pierce, rElec MR+ MP+9} (You found it on level 8 of the Dungeon)
  9275 | D:9      | Reached skill level 1 in Polearms
  9769 | D:10     | Entered Level 10 of the Dungeon
  9798 | D:10     | Killed an unseen horror
  9910 | D:10     | Found a staircase to the Lair.
  9987 | D:10     | Reached XP level 11. HP: 47/95 MP: 11/11
 10106 | D:10     | Killed an unseen horror
 10417 | D:10     | Noticed a two-headed ogre
 10438 | D:10     | Reached skill level 1 in Stealth
 10815 | D:10     | Noticed Snorg
 11332 | D:9      | Killed Snorg
 12064 | Lair:1   | Entered Level 1 of the Lair of Beasts
 13272 | Lair:2   | Reached XP level 12. HP: 105/105 MP: 12/12
 13693 | Lair:2   | Noticed a five-headed hydra
 13712 | Lair:2   | Killed a six-headed hydra
 13744 | Lair:2   | Noticed a five-headed hydra
 13880 | Lair:1   | Killed a five-headed hydra
 13880 | Lair:1   | Reached skill level 5 in Polearms
 14144 | Lair:2   | Found a staircase to the Shoals.
 14149 | Lair:2   | Reached skill level 10 in Fighting
 14157 | Lair:2   | Reached skill level 10 in Armour
 14726 | Lair:3   | Noticed a seven-headed hydra
 15541 | Lair:4   | Reached skill level 5 in Dodging
 15742 | Lair:4   | Reached skill level 15 in Axes
 15747 | Lair:4   | Reached XP level 13. HP: 68/114 MP: 9/13
 16119 | Lair:4   | Found a hole to the Spider Nest.
 17438 | Lair:5   | Noticed LadyPew's ghost (journeyman GrFi)
 17495 | Lair:5   | Killed LadyPew's ghost
 18749 | Lair:6   | Entered Level 6 of the Lair of Beasts
 18802 | Lair:6   | Found a labyrinth entrance.
 18829 | Lab      | Entered a labyrinth
 19206 | Lab      | Noticed a minotaur
 19214 | Lab      | Killed a minotaur
 19456 | Lab      | Identified the Guide on the Dark Volcanoes
 19456 | Lab      | Identified Wyekiuh's Tome of Feathers and Shape Shifting
 19460 | Lab      | Got a fine shortbow
 19465 | Lab      | Got an ichor-stained arbalest
 21616 | Lair:6   | Identified the +10 shortbow of Zin's Reproof {venom, rF+ Dex-4 SInv} (You found it in a labyrinth)
 21627 | Lair:6   | Identified the cursed +0 arbalest "Zasas" {freeze, rF+ Str-4 SInv Stlth+} (You took it off a minotaur in a labyrinth)
 22182 | Lair:6   | Found a staircase to the Slime Pits.
 22279 | Lair:6   | Noticed a dire elephant
 22379 | Lair:6   | Reached skill level 15 in Shields
 22402 | Lair:6   | Reached XP level 14. HP: 61/125 MP: 8/14
 23170 | Lair:6   | Identified a +2 pair of boots of running (You found it on level 6 of the Lair of Beasts)
 24491 | D:11     | Noticed Josephine
 24508 | D:10     | Killed Josephine
 24678 | D:11     | Found a sacrificial altar of Ru.
 24738 | D:11     | Found a staircase to the Orcish Mines.
 25329 | D:12     | Reached skill level 1 in Spellcasting
 28257 | D:13     | Noticed Sonja
 28262 | D:13     | Killed Sonja
 29011 | D:14     | Reached XP level 15. HP: 131/135 MP: 16/16
 29540 | D:14     | Found a gate to the Vaults.
 29901 | D:14     | Noticed Roxanne
 30115 | D:14     | Found a hazy altar of Hepliaklqana.
 30283 | D:15     | Entered Level 15 of the Dungeon
 30480 | D:15     | Found a frozen archway.
 30521 | IceCv    | Entered an ice cave
 30983 | IceCv    | Noticed a frost giant
 31015 | IceCv    | Killed a frost giant
 33274 | D:15     | Found a shadowy altar of Dithmenos.
 33337 | D:15     | Found a staircase to the Depths.
 33498 | Shoals:1 | Entered Level 1 of the Shoals
 33808 | Shoals:1 | You fall through a shaft!
 34168 | Shoals:1 | Reached XP level 16. HP: 77/145 MP: 14/20
 36961 | Shoals:3 | Noticed Nikola
 37897 | Shoals:3 | Killed Nikola
 38253 | Shoals:2 | Reached skill level 5 in Spellcasting
 39007 | Orc:1    | Entered Level 1 of the Orcish Mines
 39116 | Orc:1    | Found a roughly hewn altar of Beogh.
 39990 | Orc:2    | Entered Level 2 of the Orcish Mines
 40284 | Orc:2    | Found a staircase to the Elven Halls.
 40440 | Orc:2    | Found a roughly hewn altar of Beogh.
 40616 | Orc:2    | Found a roughly hewn altar of Beogh.
 40782 | Orc:2    | Found a roughly hewn altar of Beogh.
 40784 | Orc:2    | Found Kehosim's Distillery.
 41486 | Orc:2    | Found Zirel's Antique Armour Boutique.
 41487 | Orc:2    | Found a roughly hewn altar of Beogh.
 41491 | Orc:2    | Found Dinlecra's Antique Weapon Shop.
 41513 | Orc:2    | Bought a runed cloak for 225 gold pieces
 41694 | Orc:2    | Found a roughly hewn altar of Beogh.
 41708 | Orc:2    | Found Varph's Distillery.
 42771 | Lair:1   | You fall through a shaft!
 43407 | Shoals:4 | Entered Level 4 of the Shoals
 43733 | Shoals:4 | Reached XP level 17. HP: 120/154 MP: 18/24
 43961 | Shoals:4 | Reached skill level 15 in Fighting
 44061 | Shoals:4 | Noticed Ilsuiw
 44480 | Shoals:2 | Noticed a kraken
 45092 | Shoals:3 | Killed Ilsuiw
 46490 | Shoals:4 | Got a barnacled rune of Zot
 46915 | Shoals:4 | Noticed a kraken
 46919 | Shoals:4 | Found Haajiwk's Armour Shoppe.
 49306 | Spider:1 | Entered Level 1 of the Spider Nest
 51752 | Spider:2 | Reached XP level 18. HP: 166/166 MP: 27/27
 52449 | Spider:3 | Learned a level 2 spell: Blink
 52518 | Spider:3 | Noticed Bai Suzhen
 53399 | Spider:3 | Killed Bai Suzhen
 53458 | Spider:3 | Reached skill level 15 in Armour
 53483 | Spider:4 | Entered Level 4 of the Spider Nest
 55363 | Spider:4 | Got a gossamer rune of Zot
 56923 | Spider:3 | Got a thick robe
 57583 | Lair:1   | Identified the +1 robe of Houfasif {rC+ SInv} (You found it on level 3 of the Spider Nest)
 57819 | Vaults:1 | Entered Level 1 of the Vaults
 58247 | Vaults:1 | Reached XP level 19. HP: 158/174 MP: 29/29
 58272 | Vaults:1 | Got an ancient war axe
 58275 | Vaults:1 | Identified the +12 war axe "Killer Klown's Regret" {chop, rF+ rC+} (You found it on level 1 of the Vaults)
 60865 | Vaults:2 | Found a staircase to the Crypt.
 62001 | Vaults:3 | Reached XP level 20. HP: 141/187 MP: 29/31
 62542 | Vaults:3 | Noticed Margery
 64250 | Vaults:3 | Killed Margery
 66021 | Vaults:4 | Reached XP level 21. HP: 196/196 MP: 33/33
 67212 | Elf:1    | Entered Level 1 of the Elven Halls
 67269 | Elf:1    | Found Gica's Antique Armour Boutique.
 67699 | Elf:1    | You fall through a shaft!
 68291 | Elf:2    | Found a runed gate.
 68291 | Elf:2    | Found a runed gate.
 68291 | Elf:2    | Found a runed gate.
 69629 | Elf:1    | Reached skill level 10 in Spellcasting
 69913 | Elf:3    | Entered Level 3 of the Elven Halls
 69935 | Elf:3    | Found Migudgh's Antique Weapon Boutique.
 70006 | Elf:3    | Noticed Louise
 70109 | Elf:3    | Killed Louise
 71784 | Elf:3    | Reached XP level 22. HP: 195/209 MP: 35/35
 73384 | Depths:1 | Entered Level 1 of the Depths
 74150 | Depths:1 | Found a corrupted altar of Lugonu.
 74220 | Depths:1 | Found a one-way gate to the infinite horrors of the Abyss.
 74508 | Depths:1 | Found a gateway to Hell.
 75240 | Depths:2 | Noticed Mara
 75251 | Depths:2 | Noticed equalderp2856's illusion
 75366 | Depths:2 | Noticed equalderp2856's illusion
 75390 | Depths:2 | Found a gateway to a ziggurat.
 75881 | Depths:2 | Noticed equalderp2856's illusion
 75892 | Depths:2 | Killed Mara
 76810 | Depths:2 | Noticed Saint Roka
 76823 | Depths:2 | Reached XP level 23. HP: 165/217 MP: 32/37
 76854 | Depths:2 | Killed Saint Roka
 78331 | Depths:3 | Noticed Boris
 78543 | Depths:3 | Killed Boris
 79690 | Depths:3 | Found a one-way gate leading to the halls of Pandemonium.
 80688 | Depths:4 | Identified Sif Muna's Reference Book on Flamy Malediction
 81202 | Depths:3 | Reached XP level 24. HP: 189/228 MP: 33/38
 82500 | Depths:4 | Found a runed door.
 82501 | Depths:4 | Found a runed door.
 82512 | Depths:4 | Noticed a juggernaut
 82579 | Depths:4 | Killed a juggernaut
 83022 | Depths:5 | Entered Level 5 of the Depths
 83945 | Depths:5 | Reached skill level 27 in Shields
 84432 | Depths:5 | Noticed a juggernaut
 84461 | Depths:5 | Killed a juggernaut
 84960 | Depths:5 | Noticed a juggernaut
 85010 | Depths:5 | Found a gate to the Realm of Zot.
 85123 | Depths:5 | Killed a juggernaut
 85369 | Depths:5 | Reached XP level 25. HP: 240/240 MP: 38/38
 86277 | Hell     | Entered the Vestibule of Hell
 86278 | Hell     | Noticed Geryon
 86679 | Hell     | Killed Geryon
 87276 | Hell     | Found a gateway to the ashen valley of Gehenna.
 87489 | Hell     | Found a gateway to the freezing wastes of Cocytus.
 87532 | Hell     | Found a gateway to the Iron City of Dis.
 87920 | Hell     | Found a gateway to the decaying netherworld of Tartarus.
 88520 | Crypt:1  | Entered Level 1 of the Crypt
 88749 | Crypt:1  | Noticed Boris
 88765 | Crypt:1  | Killed Boris
 90220 | Crypt:2  | Identified the cursed +0 plate armour of Cunits {rF+ rC- Dex+4 SInv} (You found it on level 2 of the Crypt)
 90964 | Crypt:3  | Entered Level 3 of the Crypt
 91128 | Crypt:3  | Reached skill level 10 in Dodging
 91484 | Crypt:3  | Reached XP level 26. HP: 243/254 MP: 37/39
 91655 | Crypt:3  | Found a staircase to the Tomb.
 93017 | Crypt:3  | Noticed an ancient lich
 93018 | Crypt:3  | Found a basalt altar of Yredelemnul.
 93032 | Crypt:3  | Killed an ancient lich
 93382 | Crypt:3  | Reached skill level 1 in Translocations
 95037 | Depths:2 | Identified Uqeqollea's Volume of Poisonous Dark Magic
 95630 | Depths:4 | Reached skill level 1 in Earth Magic
 97124 | D:14     | Killed Roxanne
 97522 | Vaults:2 | Reached skill level 1 in Transmutations
 99153 | Depths:5 | Noticed a juggernaut
 99182 | Depths:5 | Killed a juggernaut
100554 | Vaults:5 | Entered Level 5 of the Vaults
100554 | Vaults:5 | Noticed Agrougrou's ghost (legendary FoFi)
100924 | Vaults:5 | Killed Agrougrou's ghost
101221 | Vaults:5 | Reached XP level 27. HP: 230/264 MP: 36/39
101864 | Vaults:5 | Found Ihayps's Food Shop.
102344 | Vaults:5 | Got a silver rune of Zot
102345 | Vaults:5 | Noticed an ancient lich
102352 | Vaults:5 | Killed an ancient lich
103309 | Vaults:5 | Identified the Almanac of the Flamy Traveller
103906 | Zot:1    | Entered Level 1 of the Realm of Zot
106000 | Zot:1    | Reached skill level 27 in Axes
107162 | Zot:2    | Noticed an orb of fire
107164 | Zot:2    | Gained mutation: Your skin changes colour to match your surroundings (Stealth+). [an orb of fire]
107172 | Zot:2    | Gained mutation: You evolve. [an orb of fire]
107175 | Zot:2    | Gained mutation: You are dopey. (Int -2) [an orb of fire]
107191 | Zot:2    | Killed an orb of fire
107707 | Zot:2    | Gained mutation: You have supernaturally acute eyesight. (SInv) [evolution]
107840 | Zot:2    | Noticed an orb of fire
107854 | Zot:2    | Gained mutation: You are clumsy. (Dex -2) [an orb of fire]
107864 | Zot:2    | Killed an orb of fire
108450 | Zot:2    | Reached skill level 27 in Fighting
109877 | Lair:1   | Lost mutation: You are clumsy. (Dex -2) [potion of mutation]
109877 | Lair:1   | Lost mutation: You are dopey. (Int -2) [potion of mutation]
109877 | Lair:1   | Gained mutation: Your muscles are strong. (Str +2) [potion of mutation]
109878 | Lair:1   | Lost mutation: You evolve. [potion of mutation]
109878 | Lair:1   | Lost mutation: Your muscles are strong. (Str +2) [potion of mutation]
109878 | Lair:1   | Gained mutation: You expend magic power (3 MP) to strengthen your wands. [potion of mutation]
109878 | Lair:1   | Gained mutation: You are weak. (Str -2) [potion of mutation]
109878 | Lair:1   | Gained mutation: Your natural rate of healing is unusually fast. [potion of mutation]
109878 | Lair:1   | Gained mutation: You have a somewhat thin skeletal structure. (Dex +2, Stealth) [potion of mutation]
109879 | Lair:1   | Lost mutation: Your skin changes colour to match your surroundings (Stealth+). [potion of mutation]
109879 | Lair:1   | Lost mutation: You are weak. (Str -2) [potion of mutation]
109879 | Lair:1   | Gained mutation: You have a pair of large horns on your head. [potion of mutation]
109879 | Lair:1   | Gained mutation: You passively map a small area around you. [potion of mutation]
109880 | Lair:1   | Lost mutation: You have a pair of large horns on your head. [potion of mutation]
109880 | Lair:1   | Lost mutation: You expend magic power (3 MP) to strengthen your wands. [potion of mutation]
109880 | Lair:1   | Gained mutation: You can translocate small distances at will. [potion of mutation]
109880 | Lair:1   | Gained mutation: You have a moderately thin skeletal structure. (Dex +4, Stealth+) [potion of mutation]
109880 | Lair:1   | Gained mutation: You have large cloven feet. [potion of mutation]
109881 | Lair:1   | Lost mutation: Your natural rate of healing is unusually fast. [potion of mutation]
109881 | Lair:1   | Lost mutation: You can translocate small distances at will. [potion of mutation]
109881 | Lair:1   | Lost mutation: You passively map a small area around you. [potion of mutation]
109881 | Lair:1   | Lost mutation: You have large cloven feet. [potion of mutation]
109881 | Lair:1   | Lost mutation: You have supernaturally acute eyesight. (SInv) [potion of mutation]
109881 | Lair:1   | Gained mutation: You have large cloven feet. [potion of mutation]
109881 | Lair:1   | Gained mutation: You are robust. (+10% HP) [potion of mutation]
109881 | Lair:1   | Gained mutation: Your spells are a little harder to cast, but a little more powerful. [potion of mutation]
109894 | Lair:1   | Lost mutation: You are robust. (+10% HP) [potion of mutation]
109894 | Lair:1   | Lost mutation: Your spells are a little harder to cast, but a little more powerful. [potion of mutation]
109894 | Lair:1   | Gained mutation: You passively map a small area around you. [potion of mutation]
109894 | Lair:1   | Gained mutation: You are clumsy. (Dex -2) [potion of mutation]
109894 | Lair:1   | Gained mutation: You have hoof-like feet. [potion of mutation]
109895 | Lair:1   | Lost mutation: You passively map a small area around you. [potion of mutation]
109895 | Lair:1   | Lost mutation: You are clumsy. (Dex -2) [potion of mutation]
109895 | Lair:1   | Lost mutation: You have a moderately thin skeletal structure. (Dex +4, Stealth+) [potion of mutation]
109895 | Lair:1   | Gained mutation: Potions are less effective at restoring your health. [potion of mutation]
109895 | Lair:1   | Gained mutation: Your spells are a little easier to cast, but a little less powerful. [potion of mutation]
109895 | Lair:1   | Gained mutation: Your flesh is cold resistant. (rC+) [potion of mutation]
109896 | Lair:1   | Lost mutation: Your spells are a little easier to cast, but a little less powerful. [potion of mutation]
109896 | Lair:1   | Lost mutation: Your flesh is cold resistant. (rC+) [potion of mutation]
109896 | Lair:1   | Lost mutation: You have hoof-like feet. [potion of mutation]
109896 | Lair:1   | Lost mutation: You have large cloven feet. [potion of mutation]
109896 | Lair:1   | Gained mutation: Your spells are a little easier to cast, but a little less powerful. [potion of mutation]
109896 | Lair:1   | Gained mutation: You have large cloven feet. [potion of mutation]
109897 | Lair:1   | Lost mutation: Your spells are a little easier to cast, but a little less powerful. [potion of mutation]
109897 | Lair:1   | Lost mutation: You have a somewhat thin skeletal structure. (Dex +2, Stealth) [potion of mutation]
109897 | Lair:1   | Gained mutation: You evolve. [potion of mutation]
109897 | Lair:1   | Gained mutation: Your skin changes colour to match your surroundings (Stealth+). [potion of mutation]
109898 | Lair:1   | Lost mutation: You have large cloven feet. [potion of mutation]
109898 | Lair:1   | Lost mutation: Potions are less effective at restoring your health. [potion of mutation]
109898 | Lair:1   | Lost mutation: You evolve. [potion of mutation]
109898 | Lair:1   | Gained mutation: Your mind is acute. (Int +2) [potion of mutation]
109898 | Lair:1   | Gained mutation: Your movements are slightly less encumbered by armour. (ER -2) [potion of mutation]
109898 | Lair:1   | Gained mutation: You have sharp toenails. [potion of mutation]
114064 | Zot:4    | Identified the cursed +0 pair of gloves "Calob" {-Tele rElec rC++ Regen+} (You found it on level 4 of the Realm of Zot)
114332 | Zot:5    | Entered Level 5 of the Realm of Zot
114928 | Zot:5    | Noticed an ancient lich
114953 | Zot:5    | Killed an ancient lich
115019 | Zot:5    | Noticed an ancient lich
115031 | Zot:5    | Killed an ancient lich
115290 | Zot:5    | Noticed an orb of fire
115290 | Zot:5    | Gained mutation: Your spells are a little easier to cast, but a little less powerful. [an orb of fire]
115291 | Zot:5    | Gained mutation: Potions are less effective at restoring your health. [an orb of fire]
115292 | Zot:5    | Gained mutation: You are weak. (Str -2) [an orb of fire]
115316 | Zot:5    | Gained mutation: Your magical capacity is low. (-10% MP) [an orb of fire]
115317 | Zot:5    | Gained mutation: Scrolls take you a little longer to read. [an orb of fire]
115318 | Zot:5    | Gained mutation: Your body sometimes deteriorates upon taking damage. [an orb of fire]
115319 | Zot:5    | Killed an orb of fire
115319 | Zot:5    | Reached skill level 15 in Dodging
115625 | Depths:4 | Lost mutation: Your spells are a little easier to cast, but a little less powerful. [potion of mutation]
115625 | Depths:4 | Lost mutation: Your magical capacity is low. (-10% MP) [potion of mutation]
115625 | Depths:4 | Lost mutation: Your body sometimes deteriorates upon taking damage. [potion of mutation]
115625 | Depths:4 | Lost mutation: You are weak. (Str -2) [potion of mutation]
115625 | Depths:4 | Lost mutation: Potions are less effective at restoring your health. [potion of mutation]
115625 | Depths:4 | Lost mutation: Your mind is acute. (Int +2) [potion of mutation]
115625 | Depths:4 | Gained mutation: You are weak. (Str -2) [potion of mutation]
115625 | Depths:4 | Lost mutation: Your movements are slightly less encumbered by armour. (ER -2) [potion of mutation]
115625 | Depths:4 | Gained mutation: You have a somewhat thin skeletal structure. (Dex +2, Stealth) [potion of mutation]
115807 | Zot:5    | Noticed an orb of fire
115807 | Zot:5    | Noticed an orb of fire
116011 | Zot:5    | Noticed an orb of fire
116013 | Zot:5    | Gained mutation: You are very weak. (Str -4) [an orb of fire]
116027 | Zot:5    | Gained mutation: You occasionally shout uncontrollably at your foes. [an orb of fire]
116031 | Zot:5    | Gained mutation: You are occasionally teleported next to monsters. [an orb of fire]
116037 | Zot:5    | Gained mutation: You expend magic power (3 MP) to strengthen your wands. [an orb of fire]
116044 | Zot:5    | Killed an orb of fire
116051 | Zot:5    | Gained mutation: You tend to lose your temper in combat. [an orb of fire]
116053 | Zot:5    | HP: 9/273 [orb of fire/fireball (15)]
116054 | Zot:5    | Gained mutation: Armour fits poorly on your strangely shaped body. [an orb of fire]
116055 | Zot:5    | Gained mutation: You are clumsy. (Dex -2) [an orb of fire]
116072 | Zot:5    | HP: 13/273 [orb of fire/bolt of fire (14)]
116085 | Zot:5    | Gained mutation: Your magical capacity is low. (-10% MP) [an orb of fire]
116090 | Zot:5    | Gained mutation: Scrolls take you longer to read. [an orb of fire]
116093 | Zot:5    | HP: 5/273 [orb of fire/fireball (25)]
116094 | Zot:5    | Gained mutation: You are very clumsy. (Dex -4) [an orb of fire]
116103 | Zot:4    | HP: 6/273 [orb of fire/bolt of fire (17)]
116105 | Zot:4    | Killed from afar by an orb of fire

Skill      XL: |  1  2  3  4  5  6  7  8  9 10 11 12 13 14 15 16 17 18 19 20 21 22 23 24 25 26 27 |
---------------+----------------------------------------------------------------------------------+-----
Shields        | 4 5 6 7 9 10 12 13 15 16 18 19 20 21 22 23 24 25 26 27 | 27.0
Armour         | 4 5 6 7 8 9 10 11 12 13 14 15 16 17 18 23 | 23.6
Axes           | 3 5 7 8 11 12 13 15 16 17 18 19 20 21 22 23 24 25 27 | 27.0
Dodging        | 1 2 3 4 5 6 7 8 9 10 15 | 15.4
Fighting       | 4 5 6 7 8 9 10 11 13 14 15 16 17 18 19 20 21 22 23 24 27 | 27.0
Evocations     | 1 2 |  2.6
Polearms       | 3 4 5 6 7 |  7.2
Stealth        | 1 2 3 4 |  4.7
Spellcasting   | 1 3 5 6 7 8 9 10 11 12 13 | 13.7
Translocations | 3 |  3.9
Earth Magic    | 4 |  4.5
Transmutations | 1 |  1.5

Action                   |  1- 3 |  4- 6 |  7- 9 | 10-12 | 13-15 | 16-18 | 19-21 | 22-24 | 25-27 || total
-------------------------+-------+-------+-------+-------+-------+-------+-------+-------+-------++-------
Melee: War axe           |    70 |   159 |   422 |       |  1376 |  2020 |  1621 |  2021 |  2963 || 10652
       Headbutt          |    13 |    28 |    89 |   115 |   396 |   595 |   380 |   542 |   862 ||  3020
       Broad axe         |       |       |    15 |   461 |   278 |   489 |       |       |    40 ||  1283
       Trident           |       |       |       |   226 |    14 |   126 |       |       |       ||   366
 Cast: Blink             |       |       |       |       |       |       |       |       |    21 ||    21
       Passwall          |       |       |       |       |       |       |       |       |    11 ||    11
 Abil: Evoke Flight      |       |       |       |       |     2 |     3 |       |       |     4 ||     9
Evoke: Wand              |       |       |     9 |     8 |     6 |     5 |     7 |     2 |       ||    37
  Use: Potion            |     2 |       |       |     2 |     3 |     6 |     4 |     3 |    31 ||    51
       Scroll            |       |     9 |     7 |    10 |    10 |    11 |     9 |     1 |    15 ||    72
 Stab: Paralysed         |       |       |       |     8 |       |       |       |       |       ||     8
       Distracted        |       |       |       |       |       |       |     5 |     1 |       ||     6
  Eat: Chunk             |       |     8 |    11 |    27 |    41 |    41 |    24 |    13 |    22 ||   187
       Fruit             |       |       |     1 |       |    14 |    20 |    12 |    11 |     3 ||    61
       Royal jelly       |       |       |       |     1 |     6 |     6 |     1 |     2 |     6 ||    22
       Meat ration       |       |       |       |       |       |     3 |     1 |     1 |    10 ||    15
       Bread ration      |       |       |       |       |       |     1 |       |     3 |     2 ||     6
Armor: Scale mail        |    33 |    56 |       |       |       |       |       |       |       ||    89
       Plate armour      |       |     2 |   247 |    33 |   474 |  1177 |       |       |    72 ||  2005
       Ring mail         |       |       |       |   121 |       |       |       |       |       ||   121
       Chain mail        |       |       |       |   136 |    79 |       |       |       |       ||   215
       Storm dragon scal |       |       |       |       |       |    17 |   424 |   625 |   973 ||  2039
Dodge: Dodged            |    25 |    36 |    46 |   153 |   280 |   595 |   255 |   447 |   902 ||  2739
Block: Shield            |    44 |    60 |       |       |       |       |       |       |       ||   104
       Large shield      |       |    26 |   393 |   743 |  1499 |  3158 |  1531 |  1977 |  3324 || 12651
